 Dungeon Crawl Stone Soup version 0.30-a0-782-ge64f9170bb (webtiles) character file.

Game seed: 396201974165782503

115 Leeroy the Insei (level 5, -3/33 HPs)
             Began as an Octopode Transmuter on Feb 23, 2023.
             Slain by a sky beast (5 damage)
             ... on level 4 of the Dungeon.
             The game lasted 00:02:33 (2486 turns).

Leeroy the Insei (Octopode Transmuter)              Turns: 2486, Time: 00:02:33

Health: -3/33      AC:  1    Str: 10    XL:     5   Next: 0%
Magic:  8/8        EV: 13    Int: 17    God:
Gold:   198        SH:  0    Dex: 12    Spells: 7/8 levels left

rFire   . . .      SeeInvis .    n - +1 short sword (speed)
rCold   . . .      Faith    .    (no shield)
rNeg    . . .      Spirit   .    (helmet restricted)
rPois   .          Reflect  .    (no amulet)
rElec   .          Harm     .    (no ring)
rCorr   .          Rampage  .    (no ring)
Will    .....                    (no ring)
Stlth   ++                       (no ring)
HPRegen 0.25/turn                (no ring)
MPRegen 0.11/turn                (no ring)
                                 (no ring)
                                 (no ring)

@: no status effects
A: almost no armour, amphibious, 8 rings, camouflage 1, gelatinous body 1,
(nimble swimmer 1), tentacles
a: no special abilities


You were on level 4 of the Dungeon.
You visited 1 branch of the dungeon, and saw 4 of its levels.

You collected 198 gold pieces.

Inventory:

Hand Weapons
 n - a +1 short sword of speed (weapon)
Jewellery
 b - a ring of poison resistance
Scrolls
 e - a scroll of brand weapon {unknown}
 f - a scroll of amnesia {unknown}
 g - a scroll of noise {unknown}
 h - 2 scrolls of fog {unknown}
 i - a scroll of enchant weapon {unknown}
 j - a scroll of blinking {unknown}
 k - a scroll of poison {unknown}
 m - a scroll of torment {unknown}
 o - a scroll of vulnerability {unknown}
 p - a scroll of identify {unknown}
Potions
 a - 2 potions of lignification
 c - a potion of curing {unknown}
 d - 3 potions of might {unknown}
 l - a potion of ambrosia {unknown}


   Skills:
 - Level 1.0 Fighting
 - Level 2.0 Dodging
 * Level 5.5 Unarmed Combat
 - Level 2.0 Spellcasting
 - Level 2.0 Transmutations


You had 7 spell levels left.
You knew the following spells:

 Your Spells              Type           Power      Damage    Failure   Level
a - Beastly Appendage     Tmut           16%        N/A       9%          1

Your spell library contained the following spells:

 Spells                   Type           Power      Damage    Failure   Level
 Wereblood                Tmut           8%         N/A       13%         2
 Spider Form              Tmut/Pois      5%         N/A       36%         3
 Kindle Blastsparks       Fire/Tloc/Air  2%         2d10      50%         3
 Ice Form                 Ice/Tmut       5%         N/A       77%         4
 Fulminant Prism          Conj/Hex       0%         3d5       88%         4
 Iskenderun's Mystic Bla  Conj/Tloc      1%         2d3       88%         4
 Lee's Rapid Deconstruct  Erth           0%         3d4*      99%         5


Dungeon Overview and Level Annotations

Branches:
Dungeon (4/15)             Temple (0/1) D:4

Altars:
Kikubaaqudgha

Shops:
D:1 *

Annotations:
D:4 Dowan, Duvessa


Innate Abilities, Weirdness & Mutations

You cannot wear most types of armour.
You are amphibious.
You can wear up to eight rings at the same time.
Your skin changes colour to match your surroundings (Stealth+).
Your rubbery body absorbs attacks. (AC +1, EV +1)
((You are camouflaged when in or above water. (Stealth+)))
You have tentacles for arms and can constrict up to eight enemies at once.


Message History

You see here a +0 dagger.
There is a stone staircase leading down here.
You climb downwards.
There is a stone staircase leading up here.
Found a dagger.
Dowan, Brother of Duvessa comes into view.
He is wielding a +0 dagger.
Dowan is nearby!
Dowan shouts!
A goblin comes into view. It is wielding a +0 club.
Duvessa, Sister of Dowan comes into view.
She is wielding a +0 rapier and carrying a wand of polymorph (12).
There is a stone staircase leading up here.
You climb upwards.
There is a stone staircase leading down here.
There is an escape hatch in the floor here.
You see here a +0 dagger.
There is a stone staircase leading down here.
Things that are here:
a +0 leather armour; a +0 hand axe
Things that are here:
a +0 leather armour; a +0 flail You see here a +0 dagger.
There is a stone staircase leading down here.
You climb downwards.
Level annotation: Dowan, Duvessa
Found 8 stones, a glowing ring mail and a ring mail.
There is a stone staircase leading up here.
Found a staircase to the Ecumenical Temple.
A sky beast comes into view.
You see here a +1 ring mail of fire resistance.
Found 6 stones.
The sky beast hits you. The sky beast shocks you.
You barely miss the sky beast.
The sky beast flickers out of sight!
Deactivating autopickup; reactivate with Ctrl-A.
Something completely misses you. Something hits you. Something shocks you.
Something hits you. Something shocks you.
* * * LOW HITPOINT WARNING * * *
Something hits you.
* * * LOW HITPOINT WARNING * * *
Something shocks you.
You die...

#......(# #
#<#.## .#
#.#..##.###
#.#J.......
#.#.....###
#.[.§>.....
###..§§.###
#########.....##
.......@.........
###########.#####
.# (# .#


There were no monsters in sight!

Vanquished Creatures
  3 adders (D:2)
  3 worms (D:3)
  A dart slug (D:2)
  4 orcs (D:3)
  6 bats
  8 endoplasms
  5 giant cockroaches
  3 hobgoblins
  6 jackals (D:1)
  7 ball pythons
  6 frilled lizards
  6 goblins
  5 kobolds
  5 rats
68 creatures vanquished.

Notes
Turn   | Place    | Note
-------+----------+-------------------------------------------
     0 | D:1      | Leeroy the Octopode Transmuter began the quest for the Orb.
     0 | D:1      | Reached XP level 1. HP: 13/13 MP: 3/3
   126 | D:1      | Reached XP level 2. HP: 15/18 MP: 5/5
   340 | D:1      | Reached skill level 4 in Unarmed Combat
   345 | D:1      | Reached XP level 3. HP: 16/23 MP: 6/6
   614 | D:1      | Found Xoet's Assorted Antiques.
   984 | D:2      | Reached XP level 4. HP: 22/28 MP: 7/7
  1026 | D:2      | Reached skill level 5 in Unarmed Combat
  2056 | D:3      | Found an ancient bone altar of Kikubaaqudgha.
  2237 | D:3      | Reached XP level 5. HP: 33/33 MP: 8/8
  2430 | D:4      | Noticed Dowan
  2432 | D:4      | Noticed Duvessa
  2475 | D:4      | Noticed an ogre
  2478 | D:4      | Found a staircase to the Ecumenical Temple.
  2479 | D:4      | Noticed a sky beast
  2486 | D:4      | Slain by a sky beast

Illustrated notes

Levels and vault maps discovered:
D:1:      erik_arrival_blinker_ship, layout_loops_cross, serial_shops, shop,
          minmay_misc_feat_x, nrook_loot_triangle, minmay_curled_crystal,
          hex_tiny
D:2:      layout_basic
D:3:      minmay_spotlight, layout_loops_ring, lemuel_tele_altar
D:4:      layout_loops_ring, lemuel_crystal_altar, xom_confusion_cloud,
          minmay_temple_entry_purple_smoke, uniq_robin, uniq_crazy_yiuf_cottage,
          uniq_edmund, uniq_duvessa

Skill      XL: |  1  2  3  4 |
---------------+-------------+-----
Unarmed Combat | 4 5 |  5.5
Fighting       | |  1.0
Dodging        | |  2.0
Spellcasting   | |  2.0
Transmutations | |  2.0

Action                     |  1- 3 |  4- 6 || total
---------------------------+-------+-------++-------
  Melee: Unarmed           |    80 |    39 ||   119
         Constrict         |    24 |    16 ||    40
         Tentacles         |    20 |    16 ||    36
         Punch             |     2 |     4 ||     6
         Short sword       |       |    25 ||    25
   Stab: Sleeping          |    11 |     6 ||    17
 Armour: Skin              |     9 |     1 ||    10
  Dodge: Dodged            |    45 |    35 ||    80

Table legend: (Time is in decaauts)
 A = Elapsed time spent in this place.
 B = Non-inter-level travel time spent in this place.
 C = Inter-level travel time spent in this place.
 D = Time resting spent in this place.
 E = Time spent auto-exploring this place.
 F = Levels seen in this place.
 G = Mean time per level.
                   A        B        C        D        E       F      G
               +--------+--------+--------+--------+--------+-----+--------+
         Total |   2467 |   2315 |    152 |      0 |   1812 |   4 |  616.8 |
       Dungeon |   2467 |   2315 |    152 |      0 |   1812 |   4 |  616.8 |
               +--------+--------+--------+--------+--------+-----+--------+

Top non-repeatable levels by time:
     D:3: 935 daAuts
     D:2: 817 daAuts
     D:1: 694 daAuts
     D:4: 21 daAuts
